 Dungeon Crawl Stone Soup version 0.19-a0-1468-ge013c26 (webtiles) character file.

9434 shnurlf the Spear-Bearer (level 11, -8/93 HPs)
             Began as a Merfolk Wanderer on Sept 7, 2016.
             Was a Believer of Fedhas.
             Mangled by an 11-headed hydra (11 damage)
             ... on level 1 of the Lair of Beasts.
             The game lasted 00:58:48 (13769 turns).

shnurlf the Spear-Bearer (Merfolk Wanderer)        Turns: 13769, Time: 00:58:48

Health: -8/93      AC: 20    Str: 15    XL:     11   Next: 46%
Magic:  0/11       EV: 10    Int:  9    God:    Fedhas [**....]
Gold:   380        SH:  0    Dex: 17    Spells: 0 memorised, 10 levels left

rFire  . . .     SeeInvis .     N - +2 halberd
rCold  . . .     Gourm    .     u - +1 scale mail
rNeg   + + .     Faith    .     (shield currently unavailable)
rPois  +         Spirit   +     n - +2 helmet
rElec  .         Dismiss  .     W - +1 ratskin cloak {rPois rN+ Int-1 Dex-1}
rCorr  .         Reflect  .     k - +0 pair of gloves
MR     .....     Harm     .     h - +0 pair of boots
Stlth  +.........               K - amulet of guardian spirit
                                v - +2 ring of protection
                                q - ring of positive energy

@: about to teleport
A: change form in water, swift swim, stealthy swim, agile 1
a: Evolution, Sunlight, Renounce Religion


You were on level 1 of the Lair of Beasts.
You worshipped Fedhas.
Fedhas was pleased with you.
You were not hungry.

You visited 2 branches of the dungeon, and saw 12 of its levels.

You collected 588 gold pieces.
You spent 208 gold pieces at shops.

Inventory:

Hand Weapons
 L - a +0 whip of freezing
 N - a +2 halberd (weapon)
Armour
 h - a +0 pair of boots (worn)
 k - a +0 pair of gloves (worn)
 n - a +2 helmet (worn)
 u - a +1 scale mail (worn)
 G - a +0 plate armour
 I - a +0 cloak
 W - the +1 ratskin cloak (worn) {rPois rN+ Int-1 Dex-1}
   (You found it on level 10 of the Dungeon)

   It affects your intelligence (-1).
   It affects your dexterity (-1).
   It protects you from poison.
   It protects you from negative energy.
Rods
 P - a -2 rod of ignition (13/13)
   (You found it on level 8 of the Dungeon)
Jewellery
 e - an uncursed ring of flight
 q - a ring of positive energy (left hand)
 v - a +2 ring of protection (right hand)
 z - an uncursed ring of wizardry
 K - an amulet of guardian spirit (around neck)
 U - an uncursed amulet of magic regeneration
Wands
 d - a wand of lightning (0/15)
 r - a wand of digging (9/24)
 x - a wand of acid (8/15)
 E - a wand of slowing (22/48)
 H - a wand of disintegration (15/24)
Scrolls
 b - 3 scrolls of teleportation
 g - a scroll of enchant weapon
 j - 2 scrolls of identify
 m - 8 scrolls of remove curse
 J - 9 scrolls of recharging
 Q - 2 scrolls of fog
 V - a scroll of amnesia
 X - a scroll of enchant armour
Potions
 c - 3 potions of curing
 p - a potion of lignification
 s - 3 potions of mutation
 t - 2 potions of cancellation
 A - a potion of ambrosia
 C - 3 potions of flight
 F - a potion of magic
 M - a potion of might
 O - 2 potions of brilliance
 R - 2 potions of resistance {unknown}
Books
 i - a book of the Earth

   Spells                             Type                      Level
   a - Leda's Liquefaction            Hexes/Earth                  4
   b - Bolt of Magma                  Conjuration/Fire/Earth       5
   c - Statue Form                    Transmutation/Earth          6
   d - Iron Shot                      Conjuration/Earth            6
   e - Shatter                        Earth                        9
 l - a Young Poisoner's Handbook

   Spells                             Type                      Level
   a - Sting                          Conjuration/Poison           1
   b - Mephitic Cloud                 Conjuration/Poison/Air       3
   c - Olgreb's Toxic Radiance        Poison                       4
   d - Alistair's Intoxication        Transmutation/Poison         5
   e - Venom Bolt                     Conjuration/Poison           5
 B - a book of Power

   Spells                             Type                      Level
   a - Fulminant Prism                Conjuration/Hexes            4
   b - Iskenderun's Mystic Blast      Conjuration                  4
   c - Venom Bolt                     Conjuration/Poison           5
   d - Bolt of Magma                  Conjuration/Fire/Earth       5
   e - Iron Shot                      Conjuration/Earth            6
   f - Orb of Destruction             Conjuration                  7
   g - Spellforged Servitor           Conjuration/Summoning        7
 S - a book of Geomancy

   Spells                             Type                      Level
   a - Sandblast                      Earth                        1
   b - Passwall                       Transmutation/Earth          2
   c - Stone Arrow                    Conjuration/Earth            3
   d - Petrify                        Transmutation/Earth          4
   e - Lee's Rapid Deconstruction     Earth                        5
Comestibles
 a - 6 fruits
 f - 11 bread rations
 o - 9 meat rations
 w - 4 beef jerkies


   Skills:
 + Level 11.2 Fighting
 - Level 2.4 Maces & Flails
 * Level 12.2 Polearms
 * Level 8.9 Armour
 - Level 1.7 Dodging
 - Level 2.1 Stealth
 - Level 1.0 Evocations


You had 10 spell levels left.
You didn't know any spells.

Dungeon Overview and Level Annotations

Branches:
Dungeon (11/15)            Temple (0/1) D:5            Lair (1/6) D:9
    Orc (0/2) D:9

Altars:
Ashenzari
Fedhas
Nemelex Xobeh
Okawaru
Qazlal
Sif Muna
Uskayaw
Yredelemnul
Zin

Shops:
D:6 *


Innate Abilities, Weirdness & Mutations

You revert to your normal form in water.
You are very nimble and swift while swimming.
You are very stealthy in the water.
You are agile. (Dex +2)


Message History

The 11-headed hydra bites you but does no damage.
The 11-headed hydra bites you.
* * * LOW HITPOINT WARNING * * *
The 11-headed hydra bites you!
* * * LOW HITPOINT WARNING * * *
The 11-headed hydra bites you but does no damage. x2
Your oklob plant spits acid at the spiny frog.
The splash of acid hits the spiny frog.
You feel better.
The spiny frog completely misses your oklob plant.
The 11-headed hydra bites you but does no damage. x2
The 11-headed hydra bites you.
* * * LOW HITPOINT WARNING * * *
The 11-headed hydra barely misses you. x2; The 11-headed hydra misses you.
The 11-headed hydra bites you but does no damage. x3
The 11-headed hydra bites you!
* * * LOW HITPOINT WARNING * * *
The 11-headed hydra bites you!
You die...
Fedhas appreciates your contribution to the ecosystem.

##### ##...#
#....##
#..@.P#
##..DF##
##.....#
##...#..#
##...##.#.#
##
##...######..
.# ###..###
#... .##
##...## ...D.
..####...##
....


You could see a 11-headed hydra, a spiny frog and a friendly oklob plant.

Vanquished Creatures
  A hydra (Lair:1)
  3 hill giants
  A spiny frog (Lair:1)
  2 trolls (D:10)
  3 hippogriffs
  A soldier ant (D:10)
  A steam dragon (D:9)
  A water moccasin (D:10)
  3 ice beasts
  4 orc warriors
  A porcupine (Lair:1)
  A sky beast (D:10)
  2 phantoms
  4 ogres
  2 centaurs
  A crocodile (D:9)
  A big kobold (D:5)
  5 giant frogs
  3 scorpions
  5 killer bees
  5 wights (D:9)
  A howler monkey (D:9)
  A centaur zombie (D:5)
  6 crimson imps
  3 giant frog zombies
  A quasit (D:9)
  6 jellies
  Crazy Yiuf (D:6)
  4 centaur skeletons
  A giant frog skeleton (D:8)
  5 hounds
  5 orc priests
  4 orc wizards
  Jessica (D:3)
  Terence (D:2)
  6 iguanas
  4 worker ants
  A killer bee zombie (D:8)
  A hound skeleton (D:9)
  A howler monkey skeleton (D:10)
  A gnoll (D:5)
  11 adders
  5 river rats (Lair:1)
  3 shadow imps
  2 oozes
  An adder zombie (D:5)
  3 adder skeletons
  2 worms
  4 dart slugs
  2 giant geckos (D:2)
  18 orcs
  4 ball pythons
  12 bats
  8 giant cockroaches
  3 hobgoblins
  11 jackals
  15 kobolds
  4 quokkas
  9 giant newts
  7 goblins
  5 rats
233 creatures vanquished.

Vanquished Creatures (collateral kills)
  A hill giant (D:10)
  A hippogriff (D:4)
  Menkaure (D:5)
  Edmund (D:5)
  A mottled dragon (D:9)
  A soldier ant (D:10)
  A sky beast (D:6)
  2 orc warriors
  2 ice beasts
  A black bear (D:9)
  4 ogres
  Blork the orc (D:6)
  2 giant frogs (D:10)
  2 scorpions (D:4)
  5 wights
  2 crimson imps
  A quasit (D:9)
  A jelly (D:7)
  3 orc wizards
  An orc priest (D:9)
  2 giant frog skeletons (D:5)
  A gnoll shaman (D:5)
  2 iguanas (D:9)
  3 worker ants
  2 gnolls (D:5)
  3 adders
  A river rat (Lair:1)
  10 orcs
  2 jackals (D:9)
  A quokka (D:6)
  A jackal skeleton (D:5)
  2 kobolds (D:5)
64 creatures vanquished.

Vanquished Creatures (others)
  2 necrophages
  19 wandering mushrooms
  164 toadstools
185 creatures vanquished.

Grand Total: 482 creatures vanquished

Notes
Turn   | Place    | Note
-------+----------+-------------------------------------------
     0 | D:1      | shnurlf the Merfolk Wanderer began the quest for the Orb.
     0 | D:1      | shnurlf set off with: a +2 mace, a scroll of teleportation, a potion of curing, a +0 robe, a +0 dagger, a bread ration
     0 | D:1      | Reached XP level 1. HP: 18/18 MP: 1/1
   244 | D:1      | Reached XP level 2. HP: 24/24 MP: 2/2
   433 | D:2      | Reached XP level 3. HP: 29/30 MP: 3/3
   938 | D:2      | Noticed Terence
   962 | D:2      | Killed Terence
   962 | D:2      | Reached XP level 4. HP: 18/37 MP: 4/4
  1522 | D:2      | Found a faded altar of an unknown god.
  1528 | D:2      | Became a worshipper of Fedhas Madash
  1528 | D:2      | Reached * piety under Fedhas
  1919 | D:3      | Noticed Jessica
  1943 | D:3      | Killed Jessica
  1943 | D:3      | Reached XP level 5. HP: 29/43 MP: 5/5
  2251 | D:3      | Reached skill level 5 in Fighting
  2600 | D:5      | Entered Level 5 of the Dungeon
  2836 | D:4      | Reached XP level 6. HP: 51/51 MP: 3/6
  3183 | D:5      | Noticed an ice beast
  3198 | D:5      | Killed an ice beast
  3243 | D:4      | Reached XP level 7. HP: 43/58 MP: 7/7
  3418 | D:4      | Found a hide-covered altar of Uskayaw.
  4296 | D:4      | Noticed a hippogriff
  4302 | D:4      | Killed a hippogriff
  4302 | D:4      | Reached skill level 1 in Polearms
  4325 | D:5      | Noticed Menkaure
  5112 | D:5      | Reached skill level 2 in Polearms
  5170 | D:5      | Killed Menkaure
  5170 | D:5      | Reached XP level 8. HP: 43/67 MP: 4/8
  5325 | D:5      | Noticed Edmund
  5333 | D:5      | Killed Edmund
  5333 | D:5      | Reached skill level 3 in Polearms
  5464 | D:5      | Found a blossoming altar of Fedhas.
  5474 | D:5      | Noticed an oklob plant
  5631 | D:5      | Found a deep blue altar of Sif Muna.
  5662 | D:5      | Found a staircase to the Ecumenical Temple.
  5982 | D:6      | Reached skill level 4 in Polearms
  6050 | D:6      | Found a runed door.
  6054 | D:6      | Noticed Crazy Yiuf
  6063 | D:6      | Killed Crazy Yiuf
  6063 | D:6      | Reached skill level 5 in Armour
  6327 | D:6      | Noticed Blork the orc
  6365 | D:6      | Killed Blork the orc
  6374 | D:6      | Reached skill level 5 in Polearms
  6580 | D:6      | Reached XP level 9. HP: 35/75 MP: 3/9
  6783 | D:6      | Found a deep blue altar of Sif Muna.
  6843 | D:6      | Found Osyfriga's Assorted Antiques.
  6870 | D:6      | Bought a scroll of identify for 64 gold pieces
  6870 | D:6      | Bought a pink potion for 28 gold pieces
  6870 | D:6      | Bought a green potion for 28 gold pieces
  6870 | D:6      | Bought a bubbling ruby potion for 28 gold pieces
  6870 | D:6      | Bought a scroll labeled QIHACH UMATIM for 32 gold pieces
  6870 | D:6      | Bought a bubbling grey potion for 28 gold pieces
  7096 | D:6      | Found a shattered altar of Ashenzari.
  7104 | D:6      | Found a stormy altar of Qazlal.
  8116 | D:7      | Reached skill level 6 in Polearms
  8489 | D:7      | Found a glowing silver altar of Zin.
  8654 | D:7      | Found a sparkling altar of Nemelex Xobeh.
  9013 | D:8      | Reached skill level 10 in Fighting
  9149 | D:8      | Reached skill level 7 in Polearms
  9730 | D:9      | Reached XP level 10. HP: 85/85 MP: 10/10
  9746 | D:10     | Entered Level 10 of the Dungeon
  9965 | D:9      | Reached skill level 8 in Polearms
 10091 | D:9      | Found a staircase to the Lair.
 10584 | D:9      | Reached ** piety under Fedhas
 10632 | D:9      | Reached skill level 9 in Polearms
 11437 | D:9      | Found an iron altar of Okawaru.
 11448 | D:9      | Found a basalt altar of Yredelemnul.
 11546 | D:9      | Identified a -2 rod of ignition (13/13) (You found it on level 8 of the Dungeon)
 11557 | D:9      | Found a staircase to the Orcish Mines.
 11777 | D:10     | Noticed a hill giant
 11789 | D:10     | Killed a hill giant
 11789 | D:10     | Reached skill level 10 in Polearms
 11927 | D:10     | Noticed a hill giant
 11940 | D:10     | Killed a hill giant
 11981 | D:10     | Noticed a hill giant
 11991 | D:10     | Killed a hill giant
 11991 | D:10     | Reached XP level 11. HP: 89/92 MP: 9/11
 12014 | D:10     | Reached skill level 11 in Polearms
 12449 | D:11     | Noticed a hill giant
 12460 | D:11     | Killed a hill giant
 12461 | D:11     | Reached *** piety under Fedhas
 12814 | D:11     | Noticed a cyclops
 12815 | D:11     | Noticed a cyclops
 12830 | D:11     | Gained mutation: You are agile. (Dex +2) [potion of beneficial mutation]
 13113 | Lair:1   | Entered Level 1 of the Lair of Beasts
 13382 | Lair:1   | Reached skill level 12 in Polearms
 13397 | Lair:1   | Noticed a four-headed hydra
 13427 | Lair:1   | Killed a six-headed hydra
 13744 | Lair:1   | Got a smoking dagger
 13745 | Lair:1   | Identified the cursed +1 dagger "Osmihesch" {venom, rN+ Str-2 Int+2} (You found it on level 1 of the Lair of Beasts)
 13751 | Lair:1   | Noticed a five-headed hydra
 13769 | Lair:1   | HP: 3/93 [11-headed hydra (9)]
 13769 | Lair:1   | Mangled by an 11-headed hydra

Vault maps used:
D:1:      ncdulo_wetmaze
D:2:      ecumenical_altar_2, uniq_terence
D:3:      first_bread, uniq_jessica
D:4:      lemuel_round_altar, wad_floor_pattern_2
D:5:      tgw_fedhas, basic_altar, nrook_uturn, uniq_edmund, uniq_menkaure
D:6:      grunt_temple_overflow_open, serial_shops, shop,
          uniq_crazy_yiuf_cottage, uniq_blork_the_orc
D:7:      zin_statuary, kennysheep_little_box, grunt_ogre_cave
D:9:      amethyst_overflow_temple_binary, erik_lair_dragon, david_orc_4
Lair:1:   beast_lair_carwin_large_1, uniq_harold

Skill      XL: |  1  2  3  4  5  6  7  8  9 10 11 |
---------------+----------------------------------+-----
Fighting       | 4 5 6 7 8 10 11 | 11.2
Maces & Flails | 2 |  2.4
Armour         | 2 3 4 5 6 8 |  8.9
Polearms       | 2 5 7 10 12 | 12.2
Dodging        | |  1.7
Stealth        | |  2.1
Evocations     | |  1.0

Action                   |  1- 3 |  4- 6 |  7- 9 | 10-12 || total
-------------------------+-------+-------+-------+-------++-------
Melee: Mace              |   100 |   107 |       |       ||   207
       Whip              |       |   117 |    63 |       ||   180
       Trident           |       |       |    82 |       ||    82
       Halberd           |       |       |   313 |   376 ||   689
Invok: Evolution         |       |     1 |    10 |    10 ||    21
Evoke: Wand              |       |       |       |     2 ||     2
  Use: Scroll            |       |     1 |    16 |     8 ||    25
       Potion            |       |       |       |     3 ||     3
 Stab: Sleeping          |     4 |       |       |       ||     4
       Confused          |       |       |     1 |     9 ||    10
       Distracted        |       |       |       |     2 ||     2
  Eat: Chunk             |       |     7 |     8 |     6 ||    21
       Beef jerky        |       |       |     6 |     3 ||     9
       Pizza             |       |       |     3 |       ||     3
       Royal jelly       |       |       |       |     2 ||     2
Armor: Ring mail         |    54 |   106 |       |       ||   160
       Robe              |     1 |       |       |       ||     1
       Scale mail        |       |    10 |   275 |   255 ||   540
Dodge: Dodged            |    84 |   183 |   222 |   198 ||   687
